 Dungeon Crawl Stone Soup version 0.18.1-48-g4cf74bf (webtiles) character file.

13281 Jerry the Blocker (level 12, -36/84 HPs)
             Began as a Formicid Fighter on Aug 5, 2016.
             Was a Priest of Kikubaaqudgha.
             Hit by a large rock thrown by a stone giant (41 damage)
             ... on level 10 of the Dungeon on Aug 6, 2016.
             The game lasted 01:34:50 (17192 turns).

Jerry the Blocker (Formicid Fighter)               Turns: 17192, Time: 01:34:50

Health: -36/84     AC: 14    Str: 22    XL:     12   Next: 30%
Magic:  12/12      EV:  3    Int: 12    God:    Kikubaaqudgha [***...]
Gold:   761        SH: 13    Dex: 10    Spells: 2 memorised, 11 levels left

rFire  + . .     SeeInvis +     R - +2 long sword (elec)
rCold  + . .     Gourm    .     m - +0 chain mail {rF+}
rNeg   + . .     Faith    .     c - +0 shield
rPois  .         Spirit   .     (helmet unavailable)
rElec  .         Dismiss  .     (no cloak)
rCorr  .         Reflect  .     (no gloves)
SustAt .         Harm     .     C - +1 pair of boots
MR     +++..                    (no amulet)
Stlth  ..........               p - ring of positive energy
                                B - ring of protection from magic

@: extremely resistant to hostile enchantments, extremely unstealthy
A: permanent stasis, dig shafts and tunnels, four strong arms, antennae 3, claws
1, cold resistance 1, low mp 1, magic resistance 1, wild magic 2
a: Dig, Shaft Self, Receive Corpses, Renounce Religion


You were on level 10 of the Dungeon.
You worshipped Kikubaaqudgha.
Kikubaaqudgha was most pleased with you.
You were not hungry.

You visited 3 branches of the dungeon, and saw 15 of its levels.

You collected 800 gold pieces.
You spent 39 gold pieces at shops.

Inventory:

Hand Weapons
 i - a cursed +1 long sword
 E - the +1 hand crossbow of Myibbauw {venom, +Inv rN+}
   (You found it on level 5 of the Dungeon)

   It poisons the ammo it fires.
   It protects you from negative energy.
   It lets you turn invisible.
 R - a +2 long sword of electrocution (weapon)
Missiles
 a - 10 tomahawks (quivered)
 F - 73 bolts
Armour
 c - a +0 shield (worn)
 m - a +0 chain mail of fire resistance (worn)
 C - a +1 pair of boots (worn)
Magical Staves
 o - an uncursed staff of wizardry
Jewellery
 p - a ring of positive energy (right claw)
 q - an uncursed ring of flight
 B - a ring of protection from magic (left claw)
 D - an uncursed amulet of faith
Wands
 k - a wand of lightning (7/15)
 r - a wand of flame (20/48)
 z - a wand of iceblast (9/15)
 P - a wand of teleportation (0/9)
 Y - a wand of lightning (8/15)
Scrolls
 e - 4 scrolls of immolation
 G - 2 scrolls of remove curse
 I - 3 scrolls of identify
 W - a scroll of recharging
Potions
 b - 4 potions of brilliance
 d - a potion of agility
 g - 2 potions of ambrosia
 j - 2 potions of cure mutation
 l - 2 potions of flight
 A - 4 potions of invisibility
 M - 2 potions of haste
 T - a potion of beneficial mutation
 X - a potion of resistance
Books
 H - Kikubaaqudgha's Collected Works on Darkness
   (Kikubaaqudgha gifted it to you on level 6 of the Dungeon)

   Spells                             Type                      Level
   a - Animate Skeleton               Necromancy                   1
   b - Corpse Rot                     Necromancy                   2
   c - Sublimation of Blood           Necromancy                   2
   d - Vampiric Draining              Necromancy                   3
   e - Control Undead                 Necromancy                   4
 J - a book of Air

   Spells                             Type                      Level
   a - Shock                          Conjuration/Air              1
   b - Swiftness                      Charms/Air                   2
   c - Repel Missiles                 Charms/Air                   2
   d - Static Discharge               Conjuration/Air              3
   e - Lightning Bolt                 Conjuration/Air              5
 K - Kikubaaqudgha's Papyrus of Stolen Souls
   (Kikubaaqudgha gifted it to you on level 10 of the Dungeon)

   Spells                             Type                      Level
   a - Animate Dead                   Necromancy                   4
   b - Agony                          Necromancy                   5
   c - Cigotuvi's Embrace             Necromancy                   5
   d - Dispel Undead                  Necromancy                   5
   e - Death Channel                  Necromancy                   6
 O - a book of the Tempests

   Spells                             Type                      Level
   a - Static Discharge               Conjuration/Air              3
   b - Lightning Bolt                 Conjuration/Air              5
   c - Fireball                       Conjuration/Fire             5
   d - Tornado                        Air                          9
   e - Shatter                        Earth                        9
 Q - a book of Power

   Spells                             Type                      Level
   a - Fulminant Prism                Conjuration/Hexes            4
   b - Iskenderun's Mystic Blast      Conjuration                  4
   c - Venom Bolt                     Conjuration/Poison           5
   d - Bolt of Magma                  Conjuration/Fire/Earth       5
   e - Iron Shot                      Conjuration/Earth            6
   f - Orb of Destruction             Conjuration                  7
   g - Spellforged Servitor           Conjuration/Summoning        7
 U - the Collected Works on Congealing Envenoming
   (You found it on level 8 of the Dungeon)

   Spells                             Type                      Level
   a - Sting                          Conjuration/Poison           1
   b - Freeze                         Ice                          1
   c - Ensorcelled Hibernation        Hexes/Ice                    2
   d - Ignite Poison                  Fire/Transmutation/Poison    3
   e - Alistair's Intoxication        Transmutation/Poison         5
   f - Poisonous Cloud                Conjuration/Poison/Air       6
Comestibles
 f - 3 bread rations
 h - 6 meat rations
 n - a slice of pizza
 s - 3 fruits
 t - 2 chunks of flesh
 Z - a royal jelly


   Skills:
 + Level 4.6 Fighting
 + Level 10.2 Long Blades
 + Level 11.4 Armour
 + Level 12.3 Shields
 - Level 1.6 Spellcasting
 - Level 2.2 Charms
 - Level 5.6 Necromancy
 - Level 1.4 Air Magic


You had 11 spell levels left.
You knew the following spells:

 Your Spells              Type           Power        Failure   Level  Hunger
a - Animate Skeleton      Necr           N/A          32%         1    ##.....
b - Swiftness             Chrm/Air       #.......     98%         2    ###....


Dungeon Overview and Level Annotations

Branches:
Dungeon (11/15)            Temple (1/1) D:4            Lair (3/8) D:10
    Orc (0/2) D:9
  Swamp: Lair:3-6    Shoals: Lair:3-6     Snake: Lair:3-6    Spider: Lair:3-6

Altars:
Ashenzari
Cheibriados
Dithmenos
Elyvilon
Fedhas
Gozag
Kikubaaqudgha
Makhleb
Nemelex Xobeh
Okawaru
Pakellas
Qazlal
Ru
Sif Muna
Trog
Vehumet
Xom
Yredelemnul
Zin
The Shining One

Shops:
D:5 ??:*:

Annotations:
D:9 letownia's ghost, novice OpWz


Innate Abilities, Weirdness & Mutations

You are under a permanent stasis effect.
You can dig through walls and to a lower floor.
Your four strong arms can wield two-handed weapons with a shield.
You have a pair of large antennae on your head (SInv).
You have sharp fingernails.
Your flesh is cold resistant.
Your magical capacity is low (-10% MP).
You are resistant to hostile enchantments.
Your spells are harder to cast, but more powerful.


Message History

Eating one of 3 chunks of flesh.
This raw flesh tastes terrible.
You continue eating. x2
There is an open door, spattered with blood here.
A stone giant comes into view.
The stone giant shouts!
The stone giant throws a large rock.
The large rock hits you!!
The stone giant throws a large rock.
The large rock hits you.
You see here a large rock.
The stone giant throws a large rock.
The large rock hits you!!!
Ouch! That really hurt!
* * * LOW HITPOINT WARNING * * *
There is an open door, spattered with blood here.
You see here a large rock.
There's something blocking the doorway.
Unknown command.
There's something blocking the doorway.
There is an escape hatch in the ceiling, spattered with blood here.
The stone giant throws a large rock.
The large rock hits you!!!
You die...
Kikubaaqudgha rasps: "You have failed me!
Welcome... death!"

#.............................
##............................
#......(..........(..........
#.............###############
#.............#....C(........
#..#####.....)#P...#.........
#..#...#..........P#{........
#..#...#......#P...#.........
#..#...#....@.#...P#.........
#..#...#......#P...#.........
#..#...#......#...P#.........
#####..#...#......#P...#C........
#......#...#......#...P#
#......#...'......#'####
#......#...#......#))..#
#......#####......#....#
#.................#....#


You could see a stone giant.

Vanquished Creatures
  The ghost of sciencifying the Destroyer, a novice DgWz (Lair:1)
  An unseen horror (D:10)
  A hill giant (D:9)
  A griffon (D:9)
  Joseph (Lair:1)
  2 spiny frogs
  A black mamba (Lair:2)
  A troll (D:9)
  3 komodo dragons
  Prince Ribbit (D:6)
  3 blink frogs (Lair:2)
  A basilisk (Lair:1)
  A wyvern (D:9)
  Menkaure (D:4)
  A hungry ghost (D:9)
  A mottled dragon (D:11)
  The ghost of sheala the Grave Robber, an amateur DENe (D:3)
  3 porcupines
  2 hell hounds (D:10)
  9 water moccasins
  4 sky beasts
  9 orc warriors
  2 ice beasts
  A necrophage (D:9)
  3 phantoms
  6 ogres
  4 crocodiles
  9 centaurs
  2 big kobolds (D:10)
  A gnoll sergeant (D:8)
  5 giant frogs
  5 jellies
  A water moccasin skeleton (D:9)
  3 scorpions
  4 killer bees (D:8)
  3 howler monkeys
  3 wights (D:8)
  A giant frog zombie (D:7)
  A centaur zombie (D:5)
  3 crimson imps
  4 hounds
  10 orc wizards
  2 giant frog skeletons
  6 orc priests
  Ijyb (D:3)
  4 iguanas
  10 worker ants
  The ghost of sheala the Grave Robber, a weakling DENe (D:4)
  A howler monkey zombie (D:5)
  15 adders
  7 gnolls
  10 river rats (Lair:2)
  2 shadow imps
  2 oozes
  2 adder skeletons
  3 worms
  3 dart slugs
  5 giant geckos
  44 orcs
  10 giant cockroaches
  15 goblins
  6 hobgoblins
  7 jackals
  6 quokkas
  10 bats
  2 giant newts
  A jackal zombie (D:5)
  7 kobolds
  4 rats
306 creatures vanquished.

Vanquished Creatures (others)
  A wizard (D:5)
1 creature vanquished.

Grand Total: 307 creatures vanquished

Notes
Turn   | Place    | Note
--------------------------------------------------------------
     0 | D:1      | Jerry the Formicid Fighter began the quest for the Orb.
     0 | D:1      | Reached XP level 1. HP: 18/18 MP: 1/1
   212 | D:1      | Reached XP level 2. HP: 24/24 MP: 2/2
   282 | D:1      | Reached skill level 4 in Shields
   526 | D:1      | Reached XP level 3. HP: 27/29 MP: 3/3
  1193 | D:2      | Reached XP level 4. HP: 34/35 MP: 4/4
  1587 | D:2      | Found a sparkling altar of Nemelex Xobeh.
  2004 | D:3      | Found a blossoming altar of Fedhas.
  2045 | D:3      | Reached XP level 5. HP: 41/41 MP: 5/5
  2575 | D:3      | Noticed a phantom
  2591 | D:3      | Killed a phantom
  2591 | D:3      | Reached skill level 5 in Armour
  2591 | D:3      | Reached skill level 5 in Shields
  2591 | D:3      | Reached XP level 6. HP: 38/47 MP: 6/6
  2724 | D:3      | Noticed sheala's ghost (amateur DENe)
  2732 | D:3      | Killed sheala's ghost
  2823 | D:3      | Noticed Ijyb
  2857 | D:3      | Killed Ijyb
  3382 | D:4      | Reached XP level 7. HP: 18/52 MP: 7/7
  3826 | D:4      | Reached skill level 6 in Shields
  3861 | D:4      | Gained mutation: Scrolls take you a little longer to read. [mutagenic meat]
  3862 | D:4      | Gained mutation: You are partially covered in icy blue scales (AC +1). [mutagenic meat]
  3863 | D:4      | Gained mutation: Your spells are a little harder to cast, but a little more powerful. [mutagenic meat]
  3864 | D:4      | Lost mutation: Scrolls take you a little longer to read. [mutagenic meat]
  3865 | D:4      | Gained mutation: You are dopey. (Int -2) [mutagenic meat]
  4036 | D:4      | Noticed sheala's ghost (weakling DENe)
  4067 | D:4      | Gained mutation: You have sharp fingernails. [potion of mutation]
  4067 | D:4      | Lost mutation: You are dopey. (Int -2) [potion of mutation]
  4067 | D:4      | Gained mutation: You are agile. (Dex +2) [potion of mutation]
  4071 | D:4      | Killed sheala's ghost
  4610 | D:4      | Reached skill level 5 in Long Blades
  4610 | D:4      | Reached XP level 8. HP: 40/58 MP: 8/8
  4846 | D:4      | Reached skill level 7 in Shields
  5165 | D:4      | Found a staircase to the Ecumenical Temple.
  5174 | Temple   | Entered the Ecumenical Temple
  5260 | Temple   | Became a worshipper of Kikubaaqudgha
  5319 | D:4      | Noticed Menkaure
  5323 | D:4      | Killed Menkaure
  5758 | D:5      | Entered Level 5 of the Dungeon
  6181 | D:5      | Found Lisydeni's Book Shoppe.
  6202 | D:5      | Reached skill level 8 in Shields
  6202 | D:5      | Reached XP level 9. HP: 53/64 MP: 9/9
  6441 | D:5      | Found Yfoul's Book Boutique.
  6445 | D:5      | Got a scorched quarterstaff
  6446 | D:5      | Identified the +5 quarterstaff "Vid Yruo" {freeze, +Fly} (You found it on level 5 of the Dungeon)
  6474 | D:5      | Got a warped hand crossbow
  6507 | D:4      | Identified the cursed +1 hand crossbow of Myibbauw {venom, +Inv rN+} (You found it on level 5 of the Dungeon)
  6595 | D:5      | Found a bloodstained altar of Trog.
  6599 | D:5      | Found Tilamoca's Magic Scroll Emporium.
  6615 | D:5      | Bought a scroll of remove curse for 39 gold pieces
  6674 | D:5      | Noticed a wizard
  6676 | D:5      | Killed a wizard
  6810 | D:5      | Found Apri Kim's General Store.
  6956 | D:5      | Found an oddly glowing altar of Pakellas.
  6979 | D:5      | Found a snail-covered altar of Cheibriados.
  6981 | D:5      | Found a bloodstained altar of Trog.
  6981 | D:5      | Found a shimmering altar of Xom.
  6981 | D:5      | Found a sacrificial altar of Ru.
  6982 | D:5      | Found a radiant altar of Vehumet.
  7017 | D:5      | Gained mutation: Your magical capacity is low (-10% MP). [mutagenic meat]
  7018 | D:5      | Gained mutation: You are resistant to hostile enchantments. [mutagenic meat]
  7020 | D:5      | Lost mutation: You are partially covered in icy blue scales (AC +1). [mutagenic meat]
  7187 | D:5      | Found Wiydia Soxo's Magic Scroll Boutique.
  7306 | D:6      | Noticed Prince Ribbit
  7381 | D:6      | Reached * piety under Kikubaaqudgha
  7381 | D:6      | Received a gift from Kikubaaqudgha
  7384 | D:6      | Identified Kikubaaqudgha's Collected Works on Darkness (Kikubaaqudgha gifted it to you on level 6 of the Dungeon)
  7404 | D:6      | Reached skill level 9 in Shields
  7432 | D:6      | Learned a level 1 spell: Animate Skeleton
  7873 | D:6      | Reached skill level 1 in Necromancy
  8129 | D:6      | Killed Prince Ribbit
  8129 | D:6      | Reached XP level 10. HP: 66/70 MP: 9/9
  8545 | D:7      | Reached skill level 10 in Shields
  8743 | D:7      | Reached ** piety under Kikubaaqudgha
  9210 | D:8      | Gained mutation: Your spells are harder to cast, but more powerful. [mutagenic meat]
  9211 | D:8      | Lost mutation: You are agile. (Dex +2) [mutagenic meat]
  9212 | D:8      | Gained mutation: Your flesh is cold resistant. [mutagenic meat]
  9991 | D:8      | Identified the Collected Works on Congealing Envenoming
 10348 | D:9      | Noticed a hill giant
 10429 | D:9      | HP: 1/70 [hill giant/giant spiked club (13)]
 10430 | D:9      | Killed a hill giant
 10726 | D:9      | Noticed letownia's ghost (novice OpWz)
 10800 | D:9      | Found a deep blue altar of Sif Muna.
 10845 | D:9      | Reached skill level 10 in Armour
 10887 | D:9      | Found a blossoming altar of Fedhas.
 10894 | D:9      | Noticed a griffon
 10909 | D:9      | Killed a griffon
 10909 | D:9      | Reached XP level 11. HP: 23/75 MP: 9/9
 11188 | D:9      | Reached skill level 11 in Shields
 11188 | D:9      | Reached skill level 5 in Necromancy
 12014 | D:9      | Found a staircase to the Orcish Mines.
 12441 | D:10     | Entered Level 10 of the Dungeon
 12468 | D:10     | Learned a level 2 spell: Swiftness
 12618 | D:10     | Reached *** piety under Kikubaaqudgha
 12618 | D:10     | Received a gift from Kikubaaqudgha
 12619 | D:10     | Identified Kikubaaqudgha's Papyrus of Stolen Souls (Kikubaaqudgha gifted it to you on level 10 of the Dungeon)
 12664 | D:10     | Found a staircase to the Lair.
 12875 | D:10     | Reached skill level 1 in Charms
 13244 | Lair:1   | Entered Level 1 of the Lair of Beasts
 13254 | Lair:1   | Reached skill level 1 in Air Magic
 13260 | Lair:1   | Noticed Joseph
 13286 | Lair:1   | Killed Joseph
 13485 | Lair:1   | Noticed sciencifying's ghost (novice DgWz)
 13786 | Lair:1   | Killed sciencifying's ghost
 14094 | Lair:1   | Reached skill level 1 in Spellcasting
 15315 | Lair:2   | Reached skill level 12 in Shields
 15315 | Lair:2   | Reached XP level 12. HP: 53/81 MP: 12/12
 15611 | Lair:2   | Reached skill level 10 in Long Blades
 16553 | D:11     | Noticed an eight-headed hydra
 16665 | D:10     | Noticed an unseen horror
 16667 | D:10     | Noticed an ettin
 17150 | D:10     | Killed an unseen horror
 17182 | D:10     | Noticed a stone giant
 17184 | D:10     | HP: 4/84 [stone giant/large rock (44)]
 17192 | D:10     | Hit by a large rock thrown by a stone giant

Skill      XL: |  1  2  3  4  5  6  7  8  9 10 11 12 |
---------------+-------------------------------------+-----
Shields        | 4 5 6 8 9 10 12 | 12.3
Armour         | 4 5 6 7 8 10 11 | 11.4
Long Blades    | 3 4 5 6 7 8 9 10 | 10.2
Necromancy     | 2 4 5 |  5.6
Charms         | 2 |  2.2
Air Magic      | 1 |  1.4
Spellcasting   | 1 |  1.6
Fighting       | 4 |  4.6

Action                   |  1- 3 |  4- 6 |  7- 9 | 10-12 || total
-------------------------+-------+-------+-------+-------++-------
Melee: Long sword        |    78 |   181 |   330 |   546 ||  1135
       Quarterstaff      |       |       |    32 |   124 ||   156
 Fire: Hand crossbow     |       |       |   111 |    28 ||   139
Throw: Tomahawk          |       |       |       |     9 ||     9
Invok: Receive Corpses   |       |       |       |     1 ||     1
 Abil: Dig               |       |       |       |     1 ||     1
Evoke: Wand              |       |       |       |     8 ||     8
  Use: Scroll            |       |     7 |     7 |    16 ||    30
       Potion            |       |     1 |     4 |     8 ||    13
  Eat: Chunk             |     1 |     6 |    24 |    30 ||    61
       Beef jerky        |       |       |     1 |     1 ||     2
       Fruit             |       |       |       |     3 ||     3
Armor: Scale mail        |    40 |    23 |       |       ||    63
       Ring mail         |       |    76 |   126 |    56 ||   258
       Chain mail        |       |       |       |    93 ||    93
       Skin              |       |       |       |     5 ||     5
Dodge: Dodged            |    39 |   110 |   153 |   176 ||   478
Block: Shield            |     1 |       |   228 |   421 ||   650
